[Event "42nd Olympiad Baku 2016 Open"]
[Site "Baku"]
[Date "2016.09.02"]
[Round "1.24"]
[White "Pelletier, Yannick"]
[Black "Song, Raymond"]
[Result "1-0"]
[ECO "A48"]
[WhiteElo "2555"]
[BlackElo "2170"]
[PlyCount "51"]
[EventDate "2016.??.??"]
[EventCountry "AZE"]
[WhiteTeam "Schweiz"]
[BlackTeam "Taiwan"]
[WhiteTeamCountry "SUI"]
[BlackTeamCountry "TPE"]
[TimeControl "40/5400+30:1800+30"]
[WhiteClock "0:29:33"]
[BlackClock "0:27:05"]

1. Nf3 {(00:00} Nf6 {(00:00} 2. d4 {(00:01} g6 {
(00:00} 3. Bg5 {(01:24} Bg7 {(00:15} 4. c3 {(00:
15} O-O {(03:38} 5. Nbd2 {(00:04} h6 {(04:09} 6. Bh4 {
(00:24} g5 {(00:20} 7. Bg3 {(00:10} Nh5 {(00:07]
} 8. e3 {(03:45} d6 {(02:38} 9. Bc4 {(01:40} Nxg3 {
(00:47} 10. hxg3 {(00:08} e5 {(01:47} 11. dxe5 {
(01:29} dxe5 {(00:32} 12. Qc2 {(01:02} Qf6 {(12:
56} 13. e4 {(15:24} Nd7 {(03:02} 14. Nf1 {(04:59} Nb6
{(02:17} 15. Bb3 {(01:12} Bg4 {(19:52} 16. N3h2 {
(02:07} Be6 {(00:27} 17. Ne3 {(00:35} Qg6 {(00:
05} 18. Nf5 {(13:45} Rfe8 {(02:12} 19. Bxe6 {(04:58}
Rxe6 {(05:26} 20. O-O-O {(06:49} Bf8 {(03:06} 21. Ng4 {
(07:07} h5 {(00:08} 22. Nge3 {(00:03} Bc5 {(04:
23} 23. Nd5 {(00:54} Nxd5 {(06:07} 24. Rxd5 {(00:05}
Bd6 {(00:49} 25. g4 {(04:48} hxg4 {(00:22} 26. Qe2 {
(00:19} 1-0

[Event "42nd Olympiad Baku 2016 Open"]
[Site "Baku"]
[Date "2016.09.02"]
[Round "1.20"]
[White "Perez Gormaz, Matias"]
[Black "Jelic, Dejan"]
[Result "1-0"]
[ECO "E01"]
[WhiteElo "2444"]
[BlackElo "1956"]
[PlyCount "53"]
[EventDate "2016.??.??"]
[EventCountry "AZE"]
[WhiteTeam "Chile"]
[BlackTeam "Liechtenstein"]
[WhiteTeamCountry "CHI"]
[BlackTeamCountry "LIE"]
[TimeControl "40/5400+30:1800+30"]
[WhiteClock "0:39:48"]
[BlackClock "0:16:24"]

1. d4 {(00:14} Nf6 {(00:00} 2. c4 {(00:50} e6 {(
00:00} 3. g3 {(00:08} d5 {(01:34} 4. Bg2 {(00:07} Bb4+
{(05:31} 5. Bd2 {(00:08} Be7 {(02:16} 6. Nf3 {(
00:06} O-O {(01:46} 7. O-O {(00:07} c6 {(09:54} 8. Qc2
{(00:17} Nbd7 {(03:07} 9. Rd1 {(01:37} Re8 {(05:
42} 10. Bf4 {(09:12} dxc4 {(06:58} 11. Qxc4 {(00:11}
Qb6 {(01:01} 12. Qc2 {(11:44} Nd5 {(07:03} 13. Nc3 {
(01:54} Nxf4 {(05:19} 14. gxf4 {(00:08} Nf8 {(
05:54} 15. e3 {(07:14} Bd7 {(01:16} 16. Ne4 {(02:38}
Red8 {(01:36} 17. Nc5 {(06:16} Be8 {(01:06} 18. Rd3 {
(09:05} Qc7 {(01:36} 19. Rad1 {(02:08} f6 {(06:
24} 20. Qb3 {(01:53} Bf7 {(00:07} 21. Qxb7 {(04:41}
Qxb7 {(01:37} 22. Nxb7 {(00:05} Rdb8 {(00:49} 23. Na5 {
(00:08} Rxb2 {(02:21} 24. Nxc6 {(00:10} Bd6 {(
01:04} 25. Nd2 {(01:10} Bh5 {(07:31} 26. Nc4 {(01:24}
Bxd1 {(05:04} 27. Rxd1 {(00:07} 1-0

[Event "42nd Olympiad Baku 2016 Open"]
[Site "Baku"]
[Date "2016.09.02"]
[Round "1.15"]
[White "Pesqueira, Jose"]
[Black "Gourlay, Iain"]
[Result "0-1"]
[ECO "D18"]
[WhiteElo "1889"]
[BlackElo "2393"]
[PlyCount "76"]
[EventDate "2016.??.??"]
[EventCountry "AZE"]
[WhiteTeam "ARU"]
[BlackTeam "Schottland"]
[BlackTeamCountry "SCO"]
[TimeControl "40/5400+30:1800+30"]
[WhiteClock "0:01:34"]
[BlackClock "0:00:57"]

1. d4 {(00:00} d5 {(00:00} 2. c4 {(00:00} c6 {(
00:09} 3. Nf3 {(00:54} Nf6 {(00:32} 4. Nc3 {(00:41}
dxc4 {(00:47} 5. a4 {(00:24} Bf5 {(00:44} 6. e3 {
(00:47} e6 {(00:40} 7. Bxc4 {(00:35} Bb4 {(00:
56} 8. O-O {(04:56} Nbd7 {(00:47} 9. Qe2 {(01:07} Bg6
{(00:48} 10. h3 {(12:04} O-O {(10:00} 11. Bd3 {(
08:28} Bxd3 {(02:49} 12. Qxd3 {(00:11} Rc8 {(34:14}
13. e4 {(04:00} Bxc3 {(07:42} 14. bxc3 {(00:27} Nc5 {
(00:31} 15. Qc2 {(30:14} Ncxe4 {(01:32} 16. Re1 {
(02:01} Nd6 {(02:04} 17. c4 {(00:36} Qa5 {(08:
03} 18. Bf4 {(25:08} Rfd8 {(07:47} 19. g4 {(00:04} Qa6
{(02:37} 20. Ne5 {(01:56} c5 {(02:14} 21. g5 {(
03:55} Nd7 {(07:16} 22. d5 {(00:29} Nxe5 {(00:51} 23.
Bxe5 {(00:23} Qxc4 {(03:24} 24. Qxc4 {(00:03} Nxc4 {
(00:08} 25. dxe6 {(00:06} fxe6 {(00:30} 26. Bc3 {
(00:24} Kf7 {(01:06} 27. Re4 {(00:58} Nd6 {(00:
50} 28. Rh4 {(01:27} Nf5 {(01:08} 29. Rc4 {(01:04} Nd4
{(01:47} 30. Kg2 {(00:28} b6 {(01:09} 31. Re1 {(
00:13} Rd5 {(00:31} 32. h4 {(00:11} Rcd8 {(00:33} 33.
Re4 {(00:37} Nf5 {(00:37} 34. Re1 {(01:22} Rd3 {
(00:32} 35. Be5 {(00:41} R8d5 {(01:16} 36. Rce4 {
(00:02} Rd7 {(00:42} 37. Ba1 {(00:15} Rd1 {(00:
29} 38. Rxe6 {(00:15} Rxa1 {(00:18} 0-1

[Event "42nd Olympiad Baku 2016 Open"]
[Site "Baku"]
[Date "2016.09.02"]
[Round "1.24"]
[White "Petrik, Tomas"]
[Black "Al Habeeb, Emad"]
[Result "1-0"]
[ECO "B07"]
[WhiteElo "2464"]
[BlackElo "2030"]
[PlyCount "115"]
[EventDate "2016.??.??"]
[EventCountry "AZE"]
[WhiteTeam "Slowakei"]
[BlackTeam "KSA"]
[WhiteTeamCountry "SVK"]
[TimeControl "40/5400+30:1800+30"]
[WhiteClock "0:06:03"]
[BlackClock "0:00:35"]

1. e4 {(00:00} d6 {(00:16} 2. d4 {(00:03} Nf6 {(
00:19} 3. Nc3 {(00:09} Nbd7 {(01:07} 4. Nf3 {(02:49}
e5 {(01:51} 5. Bc4 {(00:43} h6 {(01:21} 6. O-O {
(10:37} Be7 {(00:38} 7. Re1 {(02:36} O-O {(06:
28} 8. h3 {(03:24} c6 {(05:39} 9. a4 {(00:25} a5 {
(02:53} 10. Ba2 {(12:59} Re8 {(06:28} 11. Be3 {(
17:21} Qc7 {(06:49} 12. Qe2 {(03:20} Nf8 {(08:14} 13.
Qc4 {(11:16} Bd8 {(04:11} 14. d5 {(07:29} c5 {(
09:49} 15. Nb5 {(00:28} Qe7 {(06:22} 16. Qd3 {(00:20}
b6 {(01:28} 17. Nd2 {(00:37} Ng6 {(01:16} 18. Qe2 {
(06:12} Bd7 {(02:55} 19. Bc4 {(03:12} Nh7 {(01:
48} 20. Nc3 {(00:57} Qh4 {(04:16} 21. Bb5 {(00:50} Ra7
{(05:06} 22. Nc4 {(00:40} Qe7 {(01:28} 23. Bc6 {
(02:58} Rc7 {(05:56} 24. Nb5 {(01:35} Bxc6 {(01:
01} 25. dxc6 {(02:41} Rxc6 {(00:35} 26. Rad1 {(00:08}
Bc7 {(04:07} 27. Na7 {(00:10} Qd7 {(00:57} 28. Nd2 {
(02:53} Bb8 {(02:38} 29. Nxc6 {(01:12} Qxc6 {(
00:14} 30. Qb5 {(00:50} Rc8 {(01:20} 31. Qxc6 {(02:57}
Rxc6 {(00:10} 32. Nc4 {(00:16} Nf6 {(00:57} 33. f3 {
(00:08} Nh5 {(01:03} 34. c3 {(01:14} Kf8 {(00:
25} 35. Kf2 {(00:32} Nhf4 {(00:47} 36. Bxf4 {(00:54}
Nxf4 {(00:21} 37. Rd2 {(01:08} Ke7 {(00:42} 38. Red1 {
(00:51} Ke6 {(03:51} 39. b3 {(00:58} g6 {(00:36]
} 40. Ne3 {(00:00} f5 41. h4 {(07:15} Rc8 {(09:44} 42.
g3 {(06:10} Nh5 {(00:40} 43. Nd5 {(00:09} Rc6 {(
07:40} 44. Kg2 {(01:01} Nf6 {(01:55} 45. Re2 {(06:22}
c4 {(05:07} 46. b4 {(00:51} axb4 {(01:19} 47. Nxb4 {
(00:28} Rc8 {(00:53} 48. Nd5 {(06:43} Nd7 {(01:
00} 49. Rb1 {(00:33} Ba7 {(00:21} 50. Rb4 {(01:21}
fxe4 {(03:30} 51. fxe4 {(00:05} Rc5 {(03:35} 52. Ne3 {
(00:36} d5 {(02:09} 53. exd5+ {(01:33} Kd6 {(00:
49} 54. Rd2 {(00:49} Nf6 {(00:21} 55. Nxc4+ {(00:30}
Rxc4 {(00:51} 56. Rxc4 {(00:08} Nxd5 {(00:30} 57. Rc8 {
(00:15} Kd7 {(01:09} 58. Ra8 {(00:16} 1-0

[Event "42nd Olympiad Baku 2016 Open"]
[Site "Baku"]
[Date "2016.09.02"]
[Round "1.7"]
[White "Pitirotjirathon, Jirapak"]
[Black "Buhmann, Rainer"]
[Result "0-1"]
[ECO "D45"]
[WhiteElo "2205"]
[BlackElo "2640"]
[PlyCount "67"]
[EventDate "2016.??.??"]
[EventCountry "AZE"]
[WhiteTeam "Thailand"]
[BlackTeam "Deutschland"]
[WhiteTeamCountry "THA"]
[BlackTeamCountry "GER"]
[TimeControl "40/5400+30:1800+30"]
[WhiteClock "0:09:24"]
[BlackClock "0:09:58"]

1. d4 {(00:00} d5 {(00:00} 2. c4 {(00:00} e6 {(
00:00} 3. Nf3 {(00:00} Nf6 {(00:00} 4. Nc3 {(00:38} c6
{(00:10} 5. e3 {(00:28} Nbd7 {(00:19} 6. Qc2 {(
00:11} Bd6 {(00:38} 7. b3 {(01:21} O-O {(00:41} 8. Bb2
{(03:06} e5 {(05:53} 9. cxd5 {(01:13} cxd5 {(01:
08} 10. dxe5 {(01:48} Nxe5 {(00:16} 11. Be2 {(01:34}
Nxf3+ {(06:02} 12. Bxf3 {(00:59} d4 {(01:59} 13. exd4 {
(03:47} Re8+ {(04:38} 14. Kf1 {(01:00} Qa5 {(13:
20} 15. Rd1 {(07:40} Bf5 {(04:20} 16. Qd2 {(00:59}
Rac8 {(02:25} 17. a3 {(35:28} Bxa3 {(10:11} 18. Bxa3 {
(05:58} Qxc3 {(13:43} 19. Qxc3 {(02:56} Rxc3 {(
00:04} 20. h3 {(08:52} Be4 {(05:46} 21. Bxe4 {(02:42}
Nxe4 {(00:26} 22. Bc1 {(02:31} Rxb3 {(01:16} 23. Kg1 {
(01:59} Nc3 {(07:47} 24. Rf1 {(00:41} Ne2+ {(02:
46} 25. Kh2 {(00:05} Nxd4 {(00:35} 26. Be3 {(00:10}
Nc6 {(00:27} 27. Rd1 {(00:07} a5 {(02:04} 28. Rb1 {
(03:57} Rxb1 {(02:25} 29. Rxb1 {(00:02} Re7 {(
01:33} 30. Bb6 {(00:46} f6 {(00:47} 31. f4 {(01:38}
Re4 {(02:23} 32. Bc7 {(01:40} Rb4 {(01:49} 33. Rd1 {
(00:38} a4 {(00:41} 34. f5 {(02:42} 0-1

[Event "42nd Olympiad Baku 2016 Open"]
[Site "Baku"]
[Date "2016.09.02"]
[Round "1.24"]
[White "Plat, Vojtech"]
[Black "Liew, Chee-Meng Jimmy"]
[Result "1-0"]
[ECO "C41"]
[WhiteElo "2519"]
[BlackElo "2202"]
[PlyCount "43"]
[EventDate "2016.??.??"]
[EventCountry "AZE"]
[WhiteTeam "Tschechien"]
[BlackTeam "Malaysien"]
[WhiteTeamCountry "CZE"]
[BlackTeamCountry "MAS"]
[TimeControl "40/5400+30:1800+30"]
[WhiteClock "0:54:46"]
[BlackClock "0:01:16"]

1. e4 {(00:00} d6 {(00:00} 2. d4 {(00:00} Nf6 {(
00:03} 3. Nc3 {(00:00} e5 {(00:20} 4. Nf3 {(00:07}
Nbd7 {(00:22} 5. Bc4 {(00:08} Be7 {(00:20} 6. a4 {
(00:12} O-O {(01:09} 7. O-O {(00:11} c6 {(01:36]
} 8. Re1 {(01:05} h6 {(03:23} 9. h3 {(03:38} Re8 {
(07:54} 10. Ba2 {(08:18} exd4 {(08:40} 11. Nxd4 {
(01:35} Ne5 {(02:00} 12. f4 {(01:46} Ng6 {(18:
21} 13. Qd3 {(03:28} Bf8 {(20:58} 14. Be3 {(06:58} d5
{(12:53} 15. exd5 {(01:10} cxd5 {(00:07} 16. Nf3 {
(01:48} Bb4 {(05:41} 17. Rad1 {(05:55} Qa5 {(02:
48} 18. Bd4 {(03:29} Ne4 {(08:41} 19. Bxd5 {(05:09}
Nxf4 {(02:14} 20. Rxe4 {(00:59} Rxe4 {(01:04} 21. Qxe4
{(00:11} Nxd5 {(00:40} 22. Nxd5 {(00:07} 1-0

[Event "42nd Olympiad Baku 2016 Open"]
[Site "Baku"]
[Date "2016.09.02"]
[Round "1.17"]
[White "Ponomariov, Ruslan"]
[Black "Aboudi, Marwan"]
[Result "1-0"]
[ECO "C23"]
[WhiteElo "2709"]
[BlackElo "2209"]
[PlyCount "48"]
[EventDate "2016.??.??"]
[EventCountry "AZE"]
[WhiteTeam "Ukraine"]
[BlackTeam "Jordanien"]
[WhiteTeamCountry "UKR"]
[BlackTeamCountry "JOR"]
[TimeControl "40/5400+30:1800+30"]
[WhiteClock "0:29:59"]
[BlackClock "0:13:29"]

1. e4 {(00:00} e5 {(00:00} 2. Bc4 {(00:08} Nc6 {
(00:53} 3. Nc3 {(04:04} Bc5 {(02:45} 4. d3 {(03:
16} d6 {(01:09} 5. Na4 {(03:41} Bb6 {(08:00} 6. c3 {
(04:00} Na5 {(11:49} 7. Bb5+ {(04:18} Bd7 {(02:
33} 8. Bxd7+ {(00:19} Qxd7 {(00:05} 9. Nxb6 {(01:47}
axb6 {(00:11} 10. f4 {(02:57} d5 {(16:03} 11. fxe5 {
(15:42} dxe4 {(00:41} 12. d4 {(00:08} Ne7 {(07:
17} 13. Ne2 {(01:43} f5 {(14:17} 14. exf6 {(06:56}
gxf6 {(00:06} 15. Ng3 {(00:45} O-O {(01:33} 16. Nxe4 {
(07:42} Qe6 {(05:24} 17. O-O {(01:20} Nb3 {(01:
17} 18. Nxf6+ {(03:01} Rxf6 {(05:39} 19. Rxf6 {(00:31}
Qxf6 {(00:05} 20. Qxb3+ {(00:05} Kh8 {(00:17} 21. Qc4 {
(03:38} Rg8 {(01:57} 22. Bd2 {(03:03} Qg6 {(02:
43} 23. Qe2 {(01:00} Nf5 {(02:28} 24. Rf1 {(01:57} h5
{(01:19} 1-0

[Event "42nd Olympiad Baku 2016 Open"]
[Site "Baku"]
[Date "2016.09.02"]
[Round "1.17"]
[White "Postny, Evgeny"]
[Black "Husbands, Orlando"]
[Result "1-0"]
[ECO "E06"]
[WhiteElo "2619"]
[BlackElo "2257"]
[PlyCount "65"]
[EventDate "2016.??.??"]
[EventCountry "AZE"]
[WhiteTeam "Israel"]
[BlackTeam "Barbados"]
[WhiteTeamCountry "ISR"]
[BlackTeamCountry "BAR"]
[TimeControl "40/5400+30:1800+30"]
[WhiteClock "0:23:00"]
[BlackClock "0:03:13"]

1. d4 {(00:00} Nf6 {(00:00} 2. c4 {(00:00} e6 {(
00:00} 3. Nf3 {(00:00} d5 {(00:00} 4. g3 {(00:02} Be7
{(00:00} 5. Bg2 {(00:11} O-O {(00:01} 6. Qc2 {(
00:40} dxc4 {(00:47} 7. Qxc4 {(00:17} a6 {(14:30} 8.
Qc2 {(01:48} Nc6 {(01:30} 9. O-O {(05:42} Nb4 {(
08:59} 10. Qb3 {(03:19} c5 {(06:01} 11. a3 {(11:55}
Nc6 {(03:56} 12. dxc5 {(00:12} Bxc5 {(01:11} 13. Nc3 {
(02:24} h6 {(13:07} 14. Rd1 {(14:18} Qe7 {(04:
46} 15. Na4 {(02:51} Ba7 {(02:45} 16. Nb6 {(22:43} Na5
{(08:07} 17. Qb4 {(00:43} Qxb4 {(12:20} 18. axb4 {
(00:10} Nb3 {(01:12} 19. Nxa8 {(00:23} Nxa1 {(
00:03} 20. Bf4 {(01:29} Bd7 {(09:51} 21. Ne5 {(00:49}
Bb5 {(06:48} 22. Rxa1 {(01:59} Rxa8 {(00:03} 23. Bxb7 {
(00:08} Rb8 {(00:23} 24. Bxa6 {(00:26} Bxf2+ {(
00:04} 25. Kxf2 {(00:20} Ra8 {(00:03} 26. Bxb5 {(01:16]
} Rxa1 {(00:02} 27. Bc6 {(01:41} Rb1 {(01:33} 28. Nd3 {
(04:39} Ng4+ {(01:10} 29. Kg2 {(01:20} g5 {(00:
45} 30. h3 {(01:09} Nf6 {(01:39} 31. Be5 {(00:19} Nd5
{(00:30} 32. Bxd5 {(00:10} exd5 {(00:41} 33. b5 {
(00:07} 1-0

[Event "42nd Olympiad Baku 2016 Open"]
[Site "Baku"]
[Date "2016.09.02"]
[Round "1.31"]
[White "Priyankara, Chamil"]
[Black "Hamitevici, Vladimir"]
[Result "0-1"]
[ECO "E11"]
[WhiteElo "2015"]
[BlackElo "2489"]
[PlyCount "110"]
[EventDate "2016.??.??"]
[EventCountry "AZE"]
[WhiteTeam "Sri Lanka"]
[BlackTeam "Moldowa"]
[WhiteTeamCountry "SRI"]
[BlackTeamCountry "MDA"]
[TimeControl "40/5400+30:1800+30"]
[WhiteClock "0:00:34"]
[BlackClock "0:39:38"]

1. d4 {(00:00} Nf6 {(00:00} 2. c4 {(00:19} e6 {(
00:00} 3. Nf3 {(00:15} Bb4+ {(00:50} 4. Bd2 {(00:27}
a5 {(00:17} 5. g3 {(02:39} b6 {(01:20} 6. Bg2 {(
00:06} Bb7 {(00:07} 7. O-O {(00:28} O-O {(00:50} 8. a3
{(00:26} Bxd2 {(01:27} 9. Qxd2 {(01:08} d6 {(01:
17} 10. Nc3 {(00:46} Nbd7 {(02:30} 11. Qc2 {(04:31}
Qe7 {(02:18} 12. Rac1 {(18:38} Rfe8 {(09:06} 13. Rfd1 {
(12:55} Rac8 {(08:57} 14. e4 {(11:23} e5 {(01:
10} 15. Nd5 {(11:05} Nxd5 {(05:20} 16. cxd5 {(01:31}
c6 {(00:08} 17. dxe5 {(07:12} cxd5 {(02:46} 18. exd6 {
(03:03} Qxd6 {(01:14} 19. Qd2 {(07:58} Rxc1 {(
01:51} 20. Qxc1 {(02:56} Rxe4 {(00:35} 21. Nd4 {(04:22]
} Re8 {(00:32} 22. Nb5 {(03:28} Qf6 {(05:58} 23. Qc3 {
(01:52} Re2 {(01:58} 24. Qxf6 {(02:10} Nxf6 {(
00:08} 25. b4 {(01:58} axb4 {(00:57} 26. axb4 {(00:02}
Rb2 {(02:59} 27. Nc3 {(01:04} Rxb4 {(00:37} 28. Nxd5 {
(00:30} Bxd5 {(00:11} 29. Bxd5 {(00:07} g5 {(03:
46} 30. h3 {(00:58} Kg7 {(07:05} 31. Kg2 {(00:36} h5 {
(00:58} 32. Ba2 {(00:30} Rb2 {(01:45} 33. Bb1 {(
00:14} Rb5 {(06:20} 34. Bd3 {(00:45} Rd5 {(00:15} 35.
Kf1 {(00:29} Nd7 {(00:38} 36. Be2 {(00:33} Rxd1+ {
(00:10} 37. Bxd1 {(00:01} h4 {(01:34} 38. Ke2 {(
00:51} f5 {(02:25} 39. Ke3 {(00:26} Kf6 {(01:33} 40.
gxh4 {(00:00} gxh4 {(00:00} 41. Be2 {(12:54} Nc5 {
(05:14} 42. Bb5 {(03:47} Ke5 {(01:15} 43. Bc4 {(
05:30} Ne6 {(00:54} 44. Bf1 {(04:10} Nf4 {(00:19} 45.
Kf3 {(00:58} Nd5 {(00:07} 46. Bd3 {(00:38} Nb4 {
(00:53} 47. Be2 {(03:21} Nc2 {(00:09} 48. Ba6 {(
01:50} b5 {(00:25} 49. Ke2 {(00:25} b4 {(09:47} 50.
Kd3 {(00:12} Ne1+ {(00:28} 51. Kc4 {(00:48} Kf4 {
(00:53} 52. Bc8 {(01:23} b3 {(04:14} 53. Kxb3 {(
01:08} Nd3 {(00:06} 54. f3 {(00:31} Nf2 {(01:03} 55.
Kc4 {(00:39} Nxh3 {(00:13} 0-1

[Event "42nd Olympiad Baku 2016 Open"]
[Site "Baku"]
[Date "2016.09.02"]
[Round "1.24"]
[White "Psaila, Clarence"]
[Black "Marin, Mihail"]
[Result "0-1"]
[ECO "E69"]
[WhiteElo "2057"]
[BlackElo "2572"]
[PlyCount "86"]
[EventDate "2016.??.??"]
[EventCountry "AZE"]
[WhiteTeam "Malta"]
[BlackTeam "Rumänien"]
[WhiteTeamCountry "MLT"]
[BlackTeamCountry "ROU"]
[TimeControl "40/5400+30:1800+30"]
[WhiteClock "0:25:34"]
[BlackClock "0:26:53"]

1. Nf3 {(00:00} Nf6 {(00:00} 2. c4 {(00:00} g6 {
(00:24} 3. Nc3 {(00:00} Bg7 {(00:14} 4. g3 {(00:
20} O-O {(00:16} 5. Bg2 {(00:09} d6 {(01:02} 6. d4 {
(00:11} Nbd7 {(00:33} 7. O-O {(00:10} e5 {(00:
07} 8. e4 {(05:03} c6 {(03:11} 9. h3 {(00:54} Qb6 {
(03:44} 10. Rb1 {(11:16} exd4 {(09:05} 11. Nxd4 {
(05:12} Ne8 {(22:47} 12. Be3 {(02:38} Qb4 {(01:
04} 13. Qa4 {(06:48} a5 {(04:54} 14. a3 {(01:06} Qxa4
{(00:08} 15. Nxa4 {(00:02} Nc7 {(00:15} 16. Rfd1 {
(03:40} Ra6 {(09:49} 17. f3 {(07:16} Re8 {(03:
27} 18. Bf2 {(06:26} Bf8 {(09:04} 19. Bf1 {(07:14} Nc5
{(02:09} 20. Nxc5 {(02:54} dxc5 {(00:04} 21. Nc2 {
(01:53} a4 {(00:59} 22. b4 {(20:29} axb3 {(01:
05} 23. Rxb3 {(00:14} Ne6 {(00:30} 24. h4 {(00:23} Ra4
{(00:57} 25. Kg2 {(03:17} Bg7 {(02:12} 26. Be2 {
(01:53} h5 {(02:53} 27. Be3 {(03:31} f5 {(02:43]
} 28. Kf2 {(03:33} fxe4 {(00:44} 29. fxe4 {(00:05} Bf8
{(00:50} 30. Bd3 {(01:53} Rd8 {(06:24} 31. Ke2 {
(01:30} Nd4+ {(00:37} 32. Nxd4 {(00:50} cxd4 {(
00:05} 33. Bg5 {(00:21} Bg4+ {(00:49} 34. Ke1 {(00:45}
Bxd1 {(01:19} 35. Kxd1 {(01:54} Rd7 {(01:23} 36. Bc1 {
(01:26} Bc5 {(01:50} 37. Kc2 {(01:13} b6 {(00:
39} 38. Be2 {(00:37} Rda7 {(03:04} 39. Bb2 {(01:15}
Rf7 {(00:50} 40. Kd2 {(00:00} Ra8 {(00:00} 41. Rd3 {
(01:30} Rf2 {(10:59} 42. Ke1 {(02:52} Rh2 {(00:
41} 43. Rf3 {(03:13} Re8 {(00:47} 0-1

[Event "42nd Olympiad Baku 2016 Open"]
[Site "Baku"]
[Date "2016.09.02"]
[Round "1.28"]
[White "Pultinevicius, Paulius"]
[Black "Bateman, Kerry"]
[Result "1-0"]
[ECO "A04"]
[WhiteElo "2351"]
[BlackElo "1785"]
[PlyCount "53"]
[EventDate "2016.??.??"]
[EventCountry "AZE"]
[WhiteTeam "Litauen"]
[BlackTeam "Kanalinseln"]
[WhiteTeamCountry "LTU"]
[BlackTeamCountry "GCI"]
[TimeControl "40/5400+30:1800+30"]
[WhiteClock "1:05:55"]
[BlackClock "0:08:35"]

1. Nf3 {(00:00} c5 {(00:00} 2. c4 {(00:00} Nf6 {
(01:24} 3. Nc3 {(00:07} g6 {(01:38} 4. d4 {(01:
23} cxd4 {(02:03} 5. Nxd4 {(00:09} Nc6 {(02:53} 6. e4
{(01:50} d6 {(04:00} 7. Be2 {(00:10} Bg7 {(00:
49} 8. Be3 {(00:31} O-O {(02:49} 9. O-O {(00:19} Bd7 {
(04:15} 10. f3 {(02:11} Rc8 {(08:37} 11. Qd2 {(
00:41} Ne5 {(03:46} 12. b3 {(00:48} Qa5 {(06:01} 13.
Rfc1 {(02:40} a6 {(09:12} 14. Rab1 {(04:59} Nc6 {
(12:04} 15. b4 {(08:39} Qd8 {(05:48} 16. Nxc6 {(
03:53} bxc6 {(03:54} 17. c5 {(01:23} Be6 {(08:30} 18.
Bxa6 {(00:47} Ra8 {(00:29} 19. Bb7 {(00:13} Qc7 {
(05:39} 20. Bxa8 {(00:23} Rxa8 {(00:10} 21. cxd6 {
(02:47} exd6 {(01:42} 22. a4 {(00:44} Qd7 {(02:
50} 23. b5 {(01:02} cxb5 {(01:17} 24. axb5 {(00:15}
Ra3 {(03:10} 25. b6 {(00:12} Qb7 {(01:20} 26. Qxd6 {
(00:56} Bf8 {(00:05} 27. Qc7 {(00:33} 1-0

[Event "42nd Olympiad Baku 2016 Open"]
[Site "Baku"]
[Date "2016.09.02"]
[Round "1.3"]
[White "Pulvett Marin, Daniel"]
[Black "Sabar Ethmane Daouda"]
[Result "1-0"]
[ECO "E92"]
[WhiteElo "2434"]
[BlackElo "2063"]
[PlyCount "89"]
[EventDate "2016.??.??"]
[EventCountry "AZE"]
[WhiteTeam "Venezuela"]
[BlackTeam "MTN"]
[WhiteTeamCountry "VEN"]
[TimeControl "40/5400+30:1800+30"]
[WhiteClock "1:21:26"]
[BlackClock "0:27:49"]

1. d4 {(00:00} Nf6 {(00:00} 2. c4 {(00:00} g6 {(
00:00} 3. Nc3 {(00:15} Bg7 {(00:00} 4. e4 {(00:14} d6
{(00:00} 5. Nf3 {(01:21} O-O {(00:14} 6. Be2 {(
00:13} e5 {(00:46} 7. Be3 {(00:18} Nc6 {(00:57} 8. d5
{(00:17} Ne7 {(00:46} 9. Nd2 {(00:22} Nd7 {(04:
31} 10. b4 {(00:41} f5 {(01:19} 11. f3 {(00:13} f4 {
(06:03} 12. Bf2 {(00:16} Nf6 {(06:54} 13. c5 {(
00:44} Rf7 {(07:06} 14. Nc4 {(03:02} Ne8 {(11:01} 15.
cxd6 {(07:51} Nxd6 {(05:53} 16. a4 {(03:23} g5 {
(05:58} 17. a5 {(02:45} Ng6 {(14:19} 18. b5 {(
11:34} h5 {(11:58} 19. h3 {(05:52} Nh4 {(04:02} 20.
Kf1 {(02:27} Bd7 {(05:27} 21. b6 {(02:41} axb6 {
(02:40} 22. axb6 {(00:26} Rxa1 {(00:30} 23. Qxa1 {
(00:13} Nb5 {(03:57} 24. Qa5 {(01:02} cxb6 {(05:
13} 25. Bxb6 {(00:53} Qe8 {(01:53} 26. Nxb5 {(00:00}
Bxb5 {(00:49} 27. Nd6 {(00:00} Bxe2+ {(00:21} 28. Kxe2
{(00:01} Qd7 {(00:18} 29. Nxf7 {(00:12} Qc8 {(
00:16} 30. Nd6 {(00:56} Qc2+ {(00:21} 31. Qd2 {(00:11}
Qb3 {(00:25} 32. Bf2 {(00:44} Bf8 {(00:40} 33. Bxh4 {
(01:30} gxh4 {(00:54} 34. Rc1 {(01:25} Bxd6 {(
00:21} 35. Qc3 {(00:12} Qb6 {(00:53} 36. Rc2 {(00:50}
Kg7 {(00:16} 37. Rb2 {(00:14} Qa6+ {(00:08} 38. Qd3 {
(00:15} Qa7 {(00:12} 39. Qb3 {(00:43} Qg1 {(00:
20} 40. Qxb7+ {(00:00} Kh6 {(00:00} 41. Qb6 {(01:36}
Qxg2+ {(00:21} 42. Qf2 {(03:42} Qxh3 {(04:45} 43. Rb6 {
(00:15} Qd7 {(01:20} 44. Qc5 {(00:14} Kg5 {(00:
04} 45. Qxd6 {(01:01} 1-0

[Event "42nd Olympiad Baku 2016 Open"]
[Site "Baku"]
[Date "2016.09.02"]
[Round "1.14"]
[White "Quesada Perez, Yuniesky"]
[Black "Pineda, Juan Jose"]
[Result "1-0"]
[ECO "C99"]
[WhiteElo "2634"]
[BlackElo "2175"]
[PlyCount "61"]
[EventDate "2016.??.??"]
[EventCountry "AZE"]
[WhiteTeam "Kuba"]
[BlackTeam "Nicaragua"]
[WhiteTeamCountry "CUB"]
[BlackTeamCountry "NCA"]
[TimeControl "40/5400+30:1800+30"]
[WhiteClock "0:25:20"]
[BlackClock "0:00:56"]

1. e4 {(00:07} e5 {(00:00} 2. Nf3 {(00:05} Nc6 {
(00:00} 3. Bb5 {(00:09} a6 {(00:09} 4. Ba4 {(00:
05} Nf6 {(00:08} 5. O-O {(00:20} b5 {(00:23} 6. Bb3 {
(00:06} Be7 {(00:07} 7. Re1 {(01:58} d6 {(00:26]
} 8. c3 {(00:11} O-O {(00:09} 9. h3 {(00:14} Na5 {
(00:18} 10. Bc2 {(00:11} c5 {(00:03} 11. d4 {(
00:25} Qc7 {(00:12} 12. Nbd2 {(00:15} cxd4 {(04:13}
13. cxd4 {(00:06} Bd7 {(01:34} 14. Nf1 {(04:01} Rac8 {
(09:07} 15. Re2 {(09:46} Nc6 {(09:19} 16. Ng3 {(
04:10} Rfe8 {(04:59} 17. a3 {(16:53} h6 {(08:07} 18.
d5 {(08:13} Na5 {(09:54} 19. b3 {(01:15} Qd8 {(
02:42} 20. Bd2 {(04:19} Nh7 {(07:41} 21. Bd3 {(03:33}
Nb7 {(03:10} 22. b4 {(00:28} a5 {(02:51} 23. Rc1 {
(07:10} Rxc1 {(07:51} 24. Qxc1 {(00:31} Ng5 {(
00:33} 25. Nxg5 {(06:16} Bxg5 {(04:53} 26. Bxg5 {(00:
26} hxg5 {(01:40} 27. Rc2 {(00:11} axb4 {(03:53} 28.
axb4 {(00:07} g4 {(14:55} 29. hxg4 {(00:39} Qb8 {
(01:12} 30. Qg5 {(07:25} g6 {(03:35} 31. Nh5 {(
00:35} 1-0